[Event "*** SCC Grand Prix: Titled Tuesday Blitz"]
[Site "Chess.com"]
[Date "2020.07.14"]
[Round "8"]
[White "karinachess1"]
[Black "chessdjw"]
[Result "0-1"]
[WhiteElo "2521"]
[BlackElo "2665"]
[TimeControl "180+1"]
[EndTime "11:37:20 PDT"]
[Termination "chessdjw won by resignation"]

1. c4 c5 2. Nf3 Nf6 3. Nc3 e6 4.
g3 d5 5. cxd5 exd5 6. d4 Nc6 7.
Bg2 cxd4 8. Nxd4 Bc5 9. Nxc6 bxc6 10. O-O O-O 11. Na4 Bb6 12. Qc2 Bd7 13. Nc5 Qe7 14. Be3 Rfe8 15. Rfe1 h5 16. Rac1 Rab8 17. Bd4 Bc8 18. Nb3 Bd7 19. Nc5 Bc8 20. Nb3 Ba6 21.
Qxc6 Bc4 22. Bxf6 Qxf6 23. Qxf6 gxf6 24. e3 h4 25. Red1 hxg3 26. hxg3 d4 27. Rxc4 dxe3 28.
fxe3 Rxe3 29. Kf1 Kg7 30. Rg4+ Kf8 31. Nd2 Rd8 32. Rc4 Rxg3 33. Re4 Rgd3 34. Ke2 Ba5 35.
b4 Bb6 36. a4 a5 37. Bf1 axb4 38. Ke1 R3d6 39. Be2 Bd4 40. Nc4 Bc3+ 41. Kf2 Rxd1 42. Bxd1 Rxd1 43. a5 Ra1 44. Re2 b3 45. Ke3 Bxa5 46. Nxa5 Rxa5 47. Rb2 Rb5 48. Kd4 Kg7 49. Kc4 Rb8 50. Rxb3 Rxb3 51. Kxb3 Kg6 52. Kc3 Kg5 53. Kd3 Kg4 54. Ke2 f5 55. Kf2 Kf4 56. Ke2 Kg3 57. Ke1 f4 58. Kf1 Kf3 59. Kg1 Ke2 60. Kg2 f3+ 0-1

[Event "*** SCC Grand Prix: Titled Tuesday Blitz"]
[Site "Chess.com"]
[Date "2020.07.14"]
[Round "8"]
[White "LimaRR"]
[Black "pfalcon1949"]
[Result "0-1"]
[WhiteElo "2055"]
[BlackElo "2059"]
[TimeControl "180+1"]
[EndTime "11:37:20 PDT"]
[Termination "pfalcon1949 won by resignation"]

1. e4 e6 2. Qe2 c5 3. Nf3 d6 4. g3 g6 5. Bg2 Bg7 6. O-O Ne7 7. c3 O-O 8. Re1 b6 9. d4 Ba6 10. Qc2 cxd4 11. cxd4 Nd7 12. Nc3 Rc8 13. Qa4 Nb8 14. Be3 Qd7 15. Qa3 Rfd8 16. Rad1 Bc4 17.
d5 exd5 18. exd5 Qb7 19. Nd4 Bxd4 20. Bxd4 Nf5 21. Bf6 Re8 22. g4 Nd7 23. gxf5 Nxf6 24. Qxd6 Kg7 25. fxg6 hxg6 26. Rxe8 Rxe8 27. Qc6 Qa6 28.
d6 Rd8 29. Qc7 Rd7 30. Qc6 Be6 31. Ne4 Nxe4 32. Bxe4 Qe2 33. Qc3+ Kg8 34. Bf3 Qb5 35. Rd4 Bh3 36. Bg2 Qg5 37. Qg3 Qxg3 38. hxg3 Be6 39. Bc6 Rd8 40. d7 Kf8 41. b4 Ke7 42. b5 Bxd7 43.
Bxd7 Rxd7 44. Rxd7+ Kxd7 45. f4 Kd6 46. Kf2 Kc5 47. Ke3 Kxb5 48. Ke4 Kc4 49. Ke5 b5 50. Kf6 b4 51. Kxf7 a5 52. Kxg6 a4 53. f5 b3 54. f6 bxa2 55. f7 a1=Q 56. f8=Q Qb1+ 57. Qf5 Qxf5+ 58. Kxf5 a3 59. g4 a2 60. g5 a1=Q 61. g6 Qg7 62. Ke6 Kd4 0-1

[Event "*** SCC Grand Prix: Titled Tuesday Blitz"]
[Site "Chess.com"]
[Date "2020.07.14"]
[Round "8"]
[White "dennisodessa"]
[Black "Chess_Boxer123"]
[Result "0-1"]
[WhiteElo "2445"]
[BlackElo "2578"]
[TimeControl "180+1"]
[EndTime "11:37:23 PDT"]
[Termination "Chess_Boxer123 won on time"]

1. d4 Nf6 2. c4 g6 3. Nc3 Bg7 4. e4 d6 5. f3 O-O 6. Be3 c5 7. dxc5 dxc5 8. Qxd8 Rxd8 9. Bxc5 Nc6 10. Nge2 Nd7 11. Be3 Nde5 12. Nf4 b6 13. Rd1 Ba6 14. Nb5 e6 15. Be2 Rxd1+ 16. Kxd1 Rc8 17. b3 Bxb5 18. cxb5 Nb4 19. a4 Bh6 20. g3 Rc3 21. Kd2 Rxb3 22. Rc1 Rb2+ 23. Kd1 Bxf4 24. Bxf4 Ned3 25.
Bxd3 Nxd3 26. Rc7 Nxf4 27. gxf4 Rxh2 28. Rxa7 h5 29. Ra6 h4 30. Rxb6 h3 31. Rc6 Ra2 32.
Rc2 Ra1+ 33. Ke2 h2 34. Rc1 Rxc1 35. b6 h1=Q 36. b7 Qd1+ 37. Ke3 Qb3+ 38. Kf2 Ra1 39. a5 Rxa5 40. f5 gxf5 41. b8=Q+ Qxb8 42. Kg2 f4 43. Kh3 Qe5 44. Kg4 Ra3 45. Kh4 Rxf3 46. Kg4 Rg3+ 47.
Kh4 Qxe4 48. Kh5 Qf3+ 49. Kh6 Kf8 0-1

[Event "*** SCC Grand Prix: Titled Tuesday Blitz"]
[Site "Chess.com"]
[Date "2020.07.14"]
[Round "8"]
[White "pavelalexandru07"]
[Black "Cocaino74"]
[Result "0-1"]
[WhiteElo "2143"]
[BlackElo "2317"]
[TimeControl "180+1"]
[EndTime "11:37:23 PDT"]
[Termination "Cocaino74 won on time"]

1. e4 c5 2. Nf3 Nc6 3. d4 cxd4 4. Nxd4 g6 5. c4 Bg7 6. Be3 Nf6 7. Nc3 d6 8. Be2 O-O 9. O-O Bd7 10. Qd2 Nxd4 11. Bxd4 Bc6 12. f3 a5 13. b3 Nd7 14.
Be3 a4 15. b4 b6 16. a3 Qc7 17.
Rac1 Rfc8 18. Rfd1 Ne5 19. Qe1 h5 20. Qf2 Rab8 21.
Nd5 Bxd5 22. cxd5 Qd8 23. Rxc8 Qxc8 24. Bxb6 Nc4 25. Ba7 Rb7 26. Rc1 Rc7 27. Bxc4 Rxc4 28. Rd1 Qb7 29. Be3 Rc3 30. Bc1 Qc7 31. Qd2 Rc2 32. Qe3 Rc3 33. Qd2 Qb6+ 34. Kh1 Qb5 35. Bb2 Rb3 36. Bxg7 Kxg7 37. Rc1 f6 38. Qa2 Qd3 39. h3 Rxa3 40. Qb2 Rb3 41. Qa2 Rxb4 42. Ra1 h4 43. Kh2 Qe3 44. Kh1 Kh6 45. Kh2 Kg5 46. Kh1 Kf4 47. Kh2 Kg5 48. Kh1 Rd4 49. Kh2 Rd2 50.
Qxa4 Qf2 51. Rg1 Qxf3 52. e5 dxe5 53. Qb4 Qf4+ 54. Kh1 Qxb4 0-1

[Event "*** SCC Grand Prix: Titled Tuesday Blitz"]
[Site "Chess.com"]
[Date "2020.07.14"]
[Round "8"]
[White "Matibar"]
[Black "vladislavkovalev"]
[Result "1-0"]
[WhiteElo "2698"]
[BlackElo "2888"]
[TimeControl "180+1"]
[EndTime "11:37:26 PDT"]
[Termination "Matibar won by resignation"]

1. e4 e5 2. Nc3 Nc6 3. g3 Bc5 4. Bg2 a6 5. d3 d6 6. Nge2 Nge7 7.
Nd5 Nxd5 8. exd5 Nd4 9. c3 Nxe2 10. Qxe2 O-O 11. Be3 Bxe3 12. Qxe3 f5 13. f4 exf4 14.
Qxf4 Qe7+ 15. Kd2 Bd7 16. Rae1 Qf6 17. h4 Rae8 18. Bf3 Re5 19. d4 Rxe1 20. Rxe1 Re8 21. Rxe8+ Bxe8 22. Be2 Bf7 23. c4 g6 24. Bd3 Kg7 25. Kc3 h6 26. a4 a5 27. b4 b6 28. b5 Be8 29. Kd2 Bd7 30. Qe3 g5 31.
hxg5 hxg5 32. Kc3 Kf7 33. Qf3 Kg7 34. Qh5 Qg6 35. Qh1 Qh6 36. Qe1 Kf6 37. c5 bxc5 38. dxc5 dxc5 39. Kc4 Qf8 40. Qxa5 Qe7 41. Qc3+ Kg6 42.
Qh8 Qe1 43. Qg8+ Kf6 44. Qf8+ Kg6 45. Qg8+ Kf6 46. Qh8+ Kg6 47. Qc3 Qxg3 48. a5 Qd6 49.
a6 Qb6 50. Qb2 g4 51. Qb1 Kg5 52. Kc3 f4 53. Kc4 Qg6 54. Bxg6 Kf6 55. a7 Ke5 56. a8=Q f3 57. Kxc5 Kf4 58. Qf8+ Kg3 59. Qf6 1-0

[Event "*** SCC Grand Prix: Titled Tuesday Blitz"]
[Site "Chess.com"]
[Date "2020.07.14"]
[Round "8"]
[White "blitzking1729"]
[Black "GregShahade"]
[Result "1/2-1/2"]
[WhiteElo "2594"]
[BlackElo "2724"]
[TimeControl "180+1"]
[EndTime "11:37:26 PDT"]
[Termination "Game drawn by repetition"]

1. d4 Nf6 2. Bg5 c5 3. Nc3 d5 4. e3 Nc6 5. Bxf6 exf6 6. dxc5 Be6 7. Nf3 Bxc5 8. Bb5 O-O 9. O-O d4 10. Na4 Be7 11. Bxc6 bxc6 12. exd4 Qa5 13. Nc3 Rfd8 14. Re1 Rab8 15. Qc1 Bb4 16. Re3 Bg4 17. a3 Bd6 18.
Ne2 Bxf3 19. Rxf3 Qb5 20. Ng3 Qxb2 21. Qxb2 Rxb2 22. Rc3 Rc8 23. Nf5 Bf8 24. d5 c5 25.
Rd1 g6 26. Ne3 Rd8 27. Nc4 Rb7 28. d6 f5 29. Rcd3 Rbd7 30. g3 f6 31. Rd5 Rc8 32. f4 Kf7 33. Kf2 Rc6 34. R1d3 Ke6 35. Rd2 h5 36.
R5d3 Ra6 37. Re2+ Kf7 38. Red2 Ra4 39. Ne3 c4 40. Rd4 Rxa3 41. Nxc4 Ra6 42. R4d3 Rc6 43.
Rd4 Ke6 44. Re2+ Kf7 45. Red2 Rc5 46. Ke1 a5 47. Kd1 a4 48. Nb6 Rd8 49. Nxa4 Ra5 50. d7 Ra7 51. Nc3 Bc5 52. Rd5 Bb4 53. R2d3 Bxc3 54.
Rxc3 Raxd7 55. Rxd7+ Rxd7+ 56. Ke2 Ke6 57. Rc6+ Ke7 58. c4 Ra7 59. Ke3 Ra2 60. h4 Ra3+ 61.
Kf2 Ra2+ 62. Kf3 Ra3+ 63. Kg2 Ra2+ 64. Kf3 Ra3+ 65. Kf2 Ra2+ 66. Kf3 1/2-1/2

[Event "*** SCC Grand Prix: Titled Tuesday Blitz"]
[Site "Chess.com"]
[Date "2020.07.14"]
[Round "8"]
[White "Anton_Demchenko"]
[Black "Iustin106"]
[Result "0-1"]
[WhiteElo "2789"]
[BlackElo "2366"]
[TimeControl "180+1"]
[EndTime "11:37:26 PDT"]
[Termination "Iustin106 won by checkmate"]

1. d4 Nf6 2. Nf3 g6 3. Bf4 Bg7 4. c3 O-O 5. Nbd2 d6 6. e4 c5 7. dxc5 dxc5 8. h3 Nc6 9. Qc2 b6 10. Rd1 Bb7 11. Be2 Qc8 12. O-O Rd8 13. Nc4 b5 14. Ne3 a6 15. Bh2 Nd7 16. Nd2 Nb6 17. f4 c4 18. Nf3 Rxd1 19. Rxd1 Qe8 20. Re1 Rd8 21. f5 Na4 22. e5 e6 23. fxg6 hxg6 24. Ng4 Nc5 25. Rf1 Ne7 26. Nd4 Nf5 27. Qc1 Nxd4 28.
cxd4 Rxd4 29. Nf6+ Bxf6 30. exf6 Nd3 31. Qe3 Rd5 32.
Bf3 Rd7 33. Bh5 Qf8 34. Qg3 Kh7 35. Bg4 Bd5 36. b3 Qh6 37. bxc4 Bxc4 38. Kh1 Bd5 39. Rd1 Nc5 40. Qe1 Ne4 41. Rc1 Qg5 42. Kg1 Nxf6 43. Bg3 Nxg4 44. hxg4 Qxg4 45. Rc3 Qe4 46. Qf2 Qb1+ 47.
Kh2 Qe4 48. Bh4 f5 49. Rh3 Kg8 50. Qb6 Rh7 51. Qb8+ Kf7 52. Qc7+ Kg8 53. Qd8+ Kf7 54. Qe7+ Kg8 55. Qe8+ Kg7 56. Bf6+ Kxf6 57. Rxh7 Qf4+ 58. Kh3 Qg4+ 59. Kh2 Qxg2# 0-1

[Event "*** SCC Grand Prix: Titled Tuesday Blitz"]
[Site "Chess.com"]
[Date "2020.07.14"]
[Round "8"]
[White "Duhless"]
[Black "Onischuk_V"]
[Result "1-0"]
[WhiteElo "3038"]
[BlackElo "2894"]
[TimeControl "180+1"]
[EndTime "11:37:27 PDT"]
[Termination "Duhless won on time"]

1. d4 d6 2. e4 Nf6 3. Nc3 g6 4.
Nf3 Bg7 5. Be3 O-O 6. Qd2 Ng4 7.
Bg5 h6 8. Bh4 Nc6 9. h3 Nf6 10.
O-O-O a6 11. Bd3 b5 12. e5 Nd7 13. Be4 Bb7 14. Nd5 Nb6 15. Nxe7+ Nxe7 16. Bxb7 Rb8 17. Be4 Nc4 18. Qe2 d5 19. Bxe7 Qxe7 20. Bxd5 Nb6 21.
Be4 Na4 22. Rhe1 Rfd8 23. Rd3 c5 24. dxc5 Nxc5 25. Rd5 Rxd5 26. Bxd5 Rd8 27. Rd1 Kf8 28. Qe3 Na4 29. Rd2 Qb4 30. c3 Qc5 31. Qxc5+ Nxc5 32. Kc2 Ke7 33. Bb3 Rxd2+ 34. Kxd2 Nd7 35. e6 fxe6 36.
Nd4 Nc5 37. Bc2 b4 38. Bxg6 bxc3+ 39. bxc3 Kd6 40. Bc2 Kd5 41. Bb3+ Kd6 42. Ne2 Bf6 43. Bc2 Kd5 44. Bb3+ Kd6 45. f3 e5 46. Bc2 Bg5+ 47. Kd1 h5 48. Ng3 h4 49. Nf5+ Kd5 50. Ke2 Kc4 51.
Be4 Kxc3 52. Bd5 a5 53. g3 hxg3 54. Nxg3 a4 55. Ne4+ Nxe4 56. fxe4 Kd4 57. Kf3 1-0

[Event "*** SCC Grand Prix: Titled Tuesday Blitz"]
[Site "Chess.com"]
[Date "2020.07.14"]
[Round "8"]
[White "TokChess"]
[Black "AniJak"]
[Result "1-0"]
[WhiteElo "2440"]
[BlackElo "2320"]
[TimeControl "180+1"]
[EndTime "11:37:27 PDT"]
[Termination "TokChess won on time"]

1. e4 c6 2. d3 d5 3. Nd2 g6 4.
Ngf3 Bg7 5. g3 e5 6. Bg2 Ne7 7. O-O O-O 8. Re1 d4 9. a4 c5 10. Nc4 Nbc6 11. c3 b6 12. Bd2 Ba6 13. cxd4 Bxc4 14.
dxc4 exd4 15. e5 Qd7 16. Bf4 h6 17. h4 Rae8 18. Qd2 Kh7 19. Kh2 Nd8 20. Qd3 Ne6 21.
Bd2 Nc6 22. Re4 Nb4 23. Bxb4 cxb4 24. Ree1 Rd8 25. h5 Nc5 26. Qe2 Qf5 27. Nh4 Qxh5 28. Qxh5 gxh5 29. Bd5 Nd3 30. f4 Nxe1 31. Rxe1 Kh8 32.
Nf5 Rd7 33. Rd1 Rfd8 34. Rxd4 Re8 35. Kh3 Bf8 36. Kh4 Red8 37. Kxh5 a6 38. b3 b5 39. axb5 axb5 40. Re4 bxc4 41. Bxc4 Rd1 42. Kg4 Rb1 43. Bxf7 Rd3 44. e6 Rbxb3 45. e7 Bxe7 46. Rxe7 Rbc3 47. Re8+ Kh7 48. Rb8 Rc7 49. Be6 Rc6 50. Bf7 Rc7 51.
Bg8+ Kg6 52. Rxb4 h5+ 53. Kh3 Kxf5 54. Bc4 Rc3 55. Rb5+ Kf6 56. Be2 Re3 57. Bxh5 Rcc3 58. Rb6+ 1-0

[Event "*** SCC Grand Prix: Titled Tuesday Blitz"]
[Site "Chess.com"]
[Date "2020.07.14"]
[Round "8"]
[White "bugsbunny444"]
[Black "vovachesss"]
[Result "1-0"]
[WhiteElo "2481"]
[BlackElo "2595"]
[TimeControl "180+1"]
[EndTime "11:37:29 PDT"]
[Termination "bugsbunny444 won on time"]

1. Nf3 d5 2. c4 c6 3. g3 Nf6 4. Bg2 Bf5 5. cxd5 cxd5 6. Qb3 Qc7 7. Nc3 e6 8. d3 Nc6 9. Bf4 Bd6 10. Nb5 Qa5+ 11.
Bd2 Qd8 12. Nbd4 Nxd4 13. Nxd4 Bg6 14. Qxb7 O-O 15. Nc6 Qe8 16. O-O Nd7 17. b4 a5 18.
bxa5 Nc5 19. Qb5 Rb8 20. a4 Rxb5 21. axb5 Qd7 22. Rfb1 Ra8 23. Bb4 Nb7 24. Bxd6 Nxd6 25. Ne5 Qb7 26. b6 f6 27. Nf3 Be8 28. Nd4 e5 29. Nb3 Qc6 30. Rc1 Qb5 31. Rc5 Qb4 32. Bxd5+ Kf8 33. Bxa8 Qxb3 34. Bd5 Qb2 35. Ra2 Qb1+ 36.
Kg2 e4 37. dxe4 Nxe4 38. Rcc2 f5 39. b7 Qb5 40. Bxe4 fxe4 41. a6 e3 42. f3 Qb4 43.
a7 Qe1 44. b8=Q Qf2+ 45. Kh3 Qf1+ 46. Kg4 h5+ 47. Kg5 Qd1 48. Qf4+ Kg8 49. Qxe3 Qd5+ 50. Kh4 Qd8+ 51. Qg5 Qd4+ 52. f4 Qf2 53. h3 Bd7 54.
Qd8+ Kh7 55. Qxd7 Qe3 56. Qf7 Qc5 57. Qxh5+ Kg8 58. Qxc5 1-0

[Event "*** SCC Grand Prix: Titled Tuesday Blitz"]
[Site "Chess.com"]
[Date "2020.07.14"]
[Round "8"]
[White "bgfbfbgfbgfgf"]
[Black "Guenplen"]
[Result "1/2-1/2"]
[WhiteElo "2674"]
[BlackElo "2875"]
[TimeControl "180+1"]
[EndTime "11:37:32 PDT"]
[Termination "Game drawn by repetition"]

1. e4 c5 2. Nc3 a6 3. Nge2 e6 4. g3 b5 5. Bg2 Bb7 6. d4 cxd4 7. Nxd4 Nc6 8. O-O Nxd4 9. Qxd4 Ne7 10. Re1 Nc6 11.
Qd1 Bc5 12. e5 Bb4 13. Ne4 O-O 14. Bg5 Be7 15. Bxe7 Qxe7 16. Qd6 Qxd6 17. Nxd6 Rab8 18. Nxb7 Rxb7 19. Bxc6 dxc6 20. Rad1 a5 21. Rd6 Rc7 22. Re4 h5 23. c4 bxc4 24. Rxc4 Rb8 25. b3 Rb5 26. f4 c5 27. Kf2 Rb4 28. Ra6 Rxc4 29. bxc4 Rb7 30. Rxa5 Rb2+ 31. Ke3 Rxh2 32. a4 Ra2 33.
Rxc5 Rxa4 34. Rc8+ Kh7 35. c5 Ra3+ 36. Kf2 Rc3 37. c6 Kg6 38. c7 Kf5 39. Kg2 Kg4 40. Rg8 Rc2+ 41. Kg1 Rxc7 42. Rxg7+ Kf3 43. Kh2 Rc2+ 44.
Kh3 Rc1 45. Kh2 Rc2+ 46. Kh3 Rc1 47. Kh2 h4 48. gxh4 Rc2+ 49. Kh3 Rc1 50. Kh2 Kxf4 51. h5 Rc2+ 52. Kh3 Rc3+ 53. Kh4 Rc1 54. Rxf7+ Kxe5 55. h6 Rh1+ 56. Kg5 Rg1+ 57. Kh5 Rh1+ 58. Kg5 Rg1+ 59. Kh5 Rh1+ 60. Kg6 Rg1+ 61. Kh5 1/2-1/2

[Event "*** SCC Grand Prix: Titled Tuesday Blitz"]
[Site "Chess.com"]
[Date "2020.07.14"]
[Round "8"]
[White "manmanlai1"]
[Black "NikolaGry"]
[Result "1/2-1/2"]
[WhiteElo "2482"]
[BlackElo "2645"]
[TimeControl "180+1"]
[EndTime "11:37:32 PDT"]
[Termination "Game drawn - insufficient material"]

1. e4 d6 2. d4 Nf6 3. Nd2 e5 4.
c3 Nc6 5. Ngf3 a6 6. Bd3 Be7 7. O-O O-O 8. h3 Re8 9. Re1 Bf8 10. Qc2 exd4 11. Nxd4 Bd7 12. Nf1 Ne5 13. Be2 c5 14.
Nf5 Ng6 15. N1g3 d5 16. exd5 Nxd5 17. Bd2 Qf6 18. Bf3 Bc6 19. Nh5 Rxe1+ 20. Rxe1 Qd8 21.
Bc1 Nde7 22. Nxe7+ Nxe7 23. Rd1 Qa5 24. Bxc6 Nxc6 25.
a3 Rd8 26. Ng3 c4 27. Bf4 Rxd1+ 28. Qxd1 Qb5 29. Qd2 Ne7 30. Bd6 Qd5 31. Qxd5 Nxd5 32.
Bxf8 Kxf8 33. Ne2 b5 34. Kf1 Nb6 35. Ke1 Na4 36. Kd2 Nxb2 37. Nd4 Ke7 38. f3 Kd7 39. h4 Nd3 40. h5 h6 41. g4 Ne5 42. Ke3 g6 43. g5 hxg5 44. h6 f5 45. h7 Nf7 46.
Nc2 Ke7 47. Nb4 Kf6 48. Nxa6 Kg7 49. Nc7 Nd6 50. Kd4 g4 51. fxg4 fxg4 52. Ke3 Kxh7 53.
Kf4 g3 54. Kxg3 Ne4+ 55. Kf4 Nxc3 56. Ke3 g5 57. Kd4 Nb1 58. Nxb5 g4 59. Kxc4 g3 60. Nd4 Nd2+ 61. Kd3 g2 62. Ne2 Nf3 63. Ke3 Ne5 64. Kf2 Nc4 65. Kxg2 Nxa3 1/2-1/2

[Event "*** SCC Grand Prix: Titled Tuesday Blitz"]
[Site "Chess.com"]
[Date "2020.07.14"]
[Round "8"]
[White "Korona_91"]
[Black "KobyKalavannan"]
[Result "1-0"]
[WhiteElo "2508"]
[BlackElo "2716"]
[TimeControl "180+1"]
[EndTime "11:37:32 PDT"]
[Termination "Korona_91 won on time"]

1. e4 c5 2. Nf3 Nc6 3. b3 Nf6 4. e5 Nd5 5. Bb2 g6 6. e6 f6 7. exd7+ Bxd7 8. Bc4 Nb6 9. Qe2 Bg7 10. Be6 Bxe6 11.
Qxe6 Qd5 12. Qxd5 Nxd5 13. Nc3 Ndb4 14. O-O-O O-O-O 15. a3 Nd5 16. Ne4 b6 17. d4 cxd4 18.
Nxd4 Nxd4 19. Rxd4 e5 20. Rdd1 Kc7 21. g3 Rhe8 22. c4 Ne7 23. Kc2 Nc6 24. b4 f5 25.
Ng5 h6 26. Rxd8 Nxd8 27. Nf3 Bh8 28. Nh4 Re6 29. f4 Nf7 30. fxe5 Bxe5 31. Re1 Kd6 32. Bxe5+ Nxe5 33. Rd1+ Ke7 34. Kc3 Kf6 35. Ng2 g5 36. Ne3 Nf3 37. Nd5+ Kg6 38. h3 Re4 39. c5 bxc5 40.
bxc5 Ne5 41. Rd4 Re1 42. Kb2 Re2+ 43. Kb3 Rg2 44. Nc3 Rxg3 45. c6 Nxc6 46. Rd6+ Kh5 47. Rxc6 Rxh3 48. Rc7 f4 49. Rxa7 f3 50. Rf7 g4 51. Ne4 Rh2 52. a4 Kh4 53. Rf6 h5 54.
a5 Re2 55. Rf4 Re3+ 56. Kb4 Kh3 57. a6 Re1 58. Nc3 Kg2 59. a7 Re8 60. Rf5 f2 61.
Nd1 1-0

[Event "*** SCC Grand Prix: Titled Tuesday Blitz"]
[Site "Chess.com"]
[Date "2020.07.14"]
[Round "8"]
[White "Khazieva_Elza"]
[Black "ShahMatKanal"]
[Result "0-1"]
[WhiteElo "2329"]
[BlackElo "2498"]
[TimeControl "180+1"]
[EndTime "11:37:32 PDT"]
[Termination "ShahMatKanal won on time"]

1. e4 d5 2. Nc3 dxe4 3. Nxe4 Bf5 4. Qf3 Bxe4 5. Qxe4 c6 6. d4 Nf6 7. Qh4 e6 8. Nf3 Be7 9. Qg3 O-O 10. Bh6 Ne8 11. Bf4 Nd7 12. Bd3 Ndf6 13. Be5 Bd6 14. O-O-O Nh5 15. Qg4 g6 16. Qe4 Bxe5 17. dxe5 Qd5 18. Qa4 b5 19. Qa3 b4 20. Qxb4 c5 21. Qa4 Qb7 22.
Be4 Qb8 23. Bxa8 Qxa8 24. Rd7 a6 25. Rhd1 Neg7 26. Ng5 h6 27. Ne4 Kh8 28. g4 Nf4 29. Nf6 Ne2+ 30. Kb1 Nd4 31. Qa5 Qf3 32. Qd2 g5 33. c3 Nc6 34. Rc7 Nxe5 35. Nd7 Nc4 36.
Qd3 Qxd3+ 37. Rxd3 Rd8 38. Kc2 h5 39. Nf6 Rf8 40.
b3 Ne5 41. Rd6 Nxg4 42. Nxg4 hxg4 43. Rxc5 Nf5 44. Ra5 Nxd6 45. Rxg5 f5 46. Rh5+ Kg7 47.
Rh4 Kg6 48. h3 Kg5 49. Rh7 Ne4 50. hxg4 fxg4 51. Rg7+ Kh5 52. Re7 Rxf2+ 53. Kd3 Ng5 54. a4 g3 55. Ke3 Rf3+ 56. Ke2 g2 57. Rh7+ Kg4 0-1

[Event "*** SCC Grand Prix: Titled Tuesday Blitz"]
[Site "Chess.com"]
[Date "2020.07.14"]
[Round "8"]
[White "cottage_cheese"]
[Black "Joseacorrea"]
[Result "0-1"]
[WhiteElo "2135"]
[BlackElo "1967"]
[TimeControl "180+1"]
[EndTime "11:37:33 PDT"]
[Termination "Joseacorrea won by resignation"]

1. e4 c5 2. Nc3 Nc6 3. Bb5 Nd4 4. Bc4 e6 5. Nge2 Nc6 6. f4 g6 7. f5 exf5 8. exf5 Qh4+ 9. Ng3 Qxc4 10. d3 Qh4 11.
Nd5 Bd6 12. O-O Nge7 13. fxg6 hxg6 14. Nf6+ Kd8 15. Nfe4 Qxh2+ 16. Kf2 Bxg3+ 17. Nxg3 Nf5 18. Bg5+ Nce7 19. Nxf5 gxf5 20. Qe2 Qd6 21. Rae1 f6 22. Bd2 Rg8 23. Qf3 f4 24. Bxf4 Qc6 25. Re4 d5 26.
Re2 Bg4 27. Qe3 Bxe2 28. Kxe2 d4 29. Qh3 Qxg2+ 30. Qxg2 Rxg2+ 31. Kf3 Rg6 32. Rh1 Kd7 33. Ke4 Rag8 34. Kf3 Rg4 35. c3 f5 36. cxd4 cxd4 37.
Rh7 Ke6 38. Rh6+ R8g6 39. Rh7 Nd5 40. Bh2 Rg7 41. Rh8 Rg2 42. Bb8 Ne3 43. Rh6+ Kd5 44. Rd6+ Kc5 45. Kf4 R7g4+ 46. Ke5 f4 47. Bxa7+ Kb5 48.
Rb6+ Ka5 49. b3 Rg5+ 50. Ke4 Re2 51. Kxf4 Nd5+ 52. Kxg5 Nxb6 53. b4+ Kxb4 54. Bxb6 Rd2 55. Bxd4 Rxd3 56. Bf6 Ka3 57. Kf4 Kxa2 58. Ke4 Rb3 59. Kd4 b5 60. Kc5 Ka3 61. Be7 Ka4 62. Kd5 Rb1 63.
Bc5 b4 64. Ke4 b3 65. Kd3 Rc1 66. Kd2 Rxc5 0-1

[Event "*** SCC Grand Prix: Titled Tuesday Blitz"]
[Site "Chess.com"]
[Date "2020.07.14"]
[Round "8"]
[White "Shubinkirill2003"]
[Black "StephenDedalus83"]
[Result "1/2-1/2"]
[WhiteElo "2653"]
[BlackElo "2808"]
[TimeControl "180+1"]
[EndTime "11:37:34 PDT"]
[Termination "Game drawn by repetition"]

1. e4 c5 2. Nf3 Nc6 3. Bb5 g6 4. Bxc6 dxc6 5. d3 Bg7 6. h3 Nf6 7. a4 Nd7 8. a5 e5 9. Nbd2 Nf8 10. Nc4 f6 11. Be3 Ne6 12. c3 O-O 13. O-O Rb8 14. d4 cxd4 15. cxd4 exd4 16. Nxd4 Nxd4 17. Bxd4 Be6 18. Ne3 Ra8 19. Bc5 Re8 20. Qc2 Qc7 21. Rfd1 Qf7 22. Ra3 f5 23. exf5 gxf5 24. f4 h6 25. Bd4 Bf8 26. Rad3 Red8 27. Be5 Rxd3 28. Rxd3 Be7 29. Qf2 Rd8 30. Rxd8+ Bxd8 31. b4 Bf6 32.
Qb2 Be7 33. Qd4 Kh7 34. g4 fxg4 35. hxg4 Bd5 36. f5 a6 37. f6 Bf8 38. Nf5 Qg6 39. Ne3 Qe4 40. Nxd5 Qxd4+ 41. Bxd4 cxd5 42. Bc3 Kg6 43. Kf2 Bd6 44. Kf3 Bc7 45. Ke3 Bd8 46.
Bb2 Bxf6 47. Bxf6 Kxf6 48. Kd4 Kg5 49. Kxd5 Kxg4 50. Kd6 h5 51. Kc7 h4 52. Kxb7 h3 53.
Kxa6 h2 54. b5 h1=Q 55. b6 Qc6 56. Ka7 Qb5 57. a6 Kf5 58. b7 Qc5+ 59. Ka8 Qc6 60. Ka7 Qc7 61. Ka8 Qc6 62. Ka7 Qc5+ 63. Ka8 Qd5 64. Ka7 Qd7 65. Ka8 Qc6 1/2-1/2

[Event "*** SCC Grand Prix: Titled Tuesday Blitz"]
[Site "Chess.com"]
[Date "2020.07.14"]
[Round "8"]
[White "BJthechessgod"]
[Black "onnoelgersma"]
[Result "0-1"]
[WhiteElo "2299"]
[BlackElo "2430"]
[TimeControl "180+1"]
[EndTime "11:37:34 PDT"]
[Termination "onnoelgersma won by checkmate"]

1. e4 c6 2. d4 d5 3. Nc3 dxe4 4. Nxe4 Nf6 5. Nxf6+ exf6 6. Nf3 Bd6 7. c3 O-O 8. Bd3 Bg4 9. O-O Re8 10. h3 Bh5 11.
Be3 Nd7 12. Qc2 Bg6 13. Rae1 b5 14. Nh4 Nb6 15. Nf5 Qc7 16. Nxd6 Qxd6 17. b3 Nd5 18. Bd2 Rad8 19. Bxg6 hxg6 20. Rxe8+ Rxe8 21. Re1 Rxe1+ 22. Bxe1 Qe6 23. Kf1 Nb6 24. Qe2 Kf8 25. Qxe6 fxe6 26. Ke2 a5 27. Kd3 a4 28. Bd2 Ke8 29. Bf4 Kd7 30. h4 Nd5 31. Bb8 axb3 32. axb3 Ne7 33. g4 Nd5 34. c4 Nb4+ 35. Kc3 Na2+ 36. Kb2 Nb4 37. Kc3 Na6 38. Bf4 bxc4 39. bxc4 c5 40. d5 e5 41. Be3 Kd6 42. Kb3 Nb4 43. Ka4 Nc2 44. Bc1 Nd4 45. Ba3 f5 46. gxf5 gxf5 47.
Ka5 Nc2 48. Bc1 g6 49. Kb6 f4 50. Bd2 Nd4 51. Bc1 Nc2 52. Ka5 Nb4 53. Kb5 Nd3 54. Bd2 Nxf2 55. Ba5 Nd3 56. Bb6 f3 57. Ba7 f2 58.
Bb8+ Kd7 59. Bxe5 Nxe5 60. Kxc5 f1=Q 61. Kd4 Nf3+ 62. Kc5 Qf2+ 63. Kb5 Kd6 64. c5+ Qxc5+ 65. Ka4 Qb6 66. Ka3 Nd4 67. Ka2 Qb3+ 68. Ka1 Nc2# 0-1

[Event "*** SCC Grand Prix: Titled Tuesday Blitz"]
[Site "Chess.com"]
[Date "2020.07.14"]
[Round "8"]
[White "wannabe2700"]
[Black "FontVella8"]
[Result "0-1"]
[WhiteElo "2648"]
[BlackElo "2529"]
[TimeControl "180+1"]
[EndTime "11:37:36 PDT"]
[Termination "FontVella8 won by resignation"]

1. d4 Nf6 2. c4 b6 3. f3 Bb7 4. e4 d6 5. Nc3 Nbd7 6. Be3 e5 7. d5 a5 8. Nge2 Be7 9. g4 h5 10.
g5 Nh7 11. h4 Nhf8 12. Ng3 Ng6 13. Qd2 Nc5 14. b3 Bc8 15. Be2 Bd7 16. Rb1 f6 17. Nf5 fxg5 18. hxg5 h4 19. Nxg7+ Kf7 20. Nf5 h3 21.
Kd1 Nh4 22. Nxh4 Rxh4 23. Kc2 Kg7 24. Rh2 Qh8 25. Rg1 Rf8 26. Rg3 Qh7 27. Kb2 Qg6 28.
Bf1 Rfh8 29. Ne2 Kf7 30. Ng1 Ke8 31. Bxh3 Kd8 32. Qg2 Nd3+ 33. Kb1 Nf4 34. Qf1 Nxh3 35. Nxh3 Qh5 36. g6 Bxh3 37. Qg1 Bd7 38. g7 Rg8 39.
Rxh4 Qxh4 40. Rg6 Qh7 41. Bg5 Be8 42. Bxe7+ Kxe7 43. Qg5+ Kd7 44. Qf5+ Kd8 45. Qf6+ Kc8 46. Qe6+ Kb7 47. Rg5 Qh1+ 48. Kb2 Qh2+ 49. Ka3 Qh7 50. Qe7 Bg6 51. Qf8 Qxg7 52. Qxg7 Rxg7 53. Kb2 Rg8 54. f4 exf4 55. e5 dxe5 56. Rxe5 Rf8 57. Re2 f3 58.
Rf2 Kc8 59. Kc3 Kd7 60. Kd4 Kd6 61. Ke3 Bh5 62. Rh2 Kc5 63. Rxh5 f2 64. d6+ Kxd6 65.
Rh6+ Kd7 66. Rf6 Rxf6 0-1

[Event "*** SCC Grand Prix: Titled Tuesday Blitz"]
[Site "Chess.com"]
[Date "2020.07.14"]
[Round "8"]
[White "Morshynska"]
[Black "Batsai"]
[Result "0-1"]
[WhiteElo "2176"]
[BlackElo "2372"]
[TimeControl "180+1"]
[EndTime "11:37:36 PDT"]
[Termination "Batsai won on time"]

1. e4 c6 2. Nf3 d5 3. Nc3 dxe4 4.
Nxe4 Nf6 5. Ng3 h5 6. h4 Bg4 7. Be2 Nbd7 8. d4 e6 9. Ng5 Bxe2 10. Qxe2 Qc7 11. Bd2 Nb6 12. O-O-O O-O-O 13. Ba5 Rd5 14.
Bxb6 axb6 15. Kb1 Bd6 16. N3e4 Bf4 17. Nxf6 gxf6 18. Ne4 Qe7 19. Qf3 Rf5 20. Qb3 Bc7 21. Rhe1 Rg8 22. g3 Rb5 23. Qa4 Ra5 24. Qc4 b5 25.
Qb3 Bb6 26. c4 f5 27. Ng5 Kc7 28. c5 Ba7 29. Qc3 b4 30. Qxb4 Rb5 31. Qc4 Rd8 32. Rd3 Ra5 33. a3 b5 34. cxb6+ Bxb6 35. Rc1 Rd6 36.
Nf3 f6 37. Rb3 Qd7 38. Qb4 Rb5 39. Qa4 Rxb3 40. Qxb3 Rd5 41. Ka2 Kb7 42. Rc4 Rb5 43.
Rb4 Rxb4 44. Qxb4 Qd5+ 45. Qb3 Qe4 46. Nd2 Qxd4 47. Nc4 Qxf2 48. Nxb6 Qxb6 49. Qxe6 Qc5 50.
Qxf6 Qc4+ 51. Kb1 Qf1+ 52. Ka2 Qc4+ 53. Kb1 Qd3+ 54. Ka2 Qxg3 55. Qxf5 Qxh4 56. Qd7+ Kb6 57. Qc8 Qc4+ 58. Kb1 Qf1+ 0-1